 Dungeon Crawl Stone Soup version 0.28-a0-535-g6f645e4c1d (webtiles) character file.

Game seed: 6447031782061915728

126 bande the Covered (level 5, 0/33 HPs)
             Began as a Gargoyle Fighter on Sept 26, 2021.
             Slain by an orc wizard (3 damage)
             ... on level 4 of the Dungeon.
             The game lasted 00:05:17 (2669 turns).

bande the Covered (Gargoyle Fighter)                Turns: 2669, Time: 00:05:18

Health: 0/33       AC: 16    Str: 19    XL:     5   Next: 10%
Magic:  5/5        EV:  5    Int:  9    God:
Gold:   100        SH:  5    Dex: 10    Spells: 4/4 levels left

rFire   . . .      SeeInvis .   a - +0 war axe
rCold   . . .      Faith    .   c - +1 buckler
rNeg    + . .      Spirit   .   j - +0 plate armour
rPois   ∞          Reflect  .   (no helmet)
rElec   +          Harm     .   (no cloak)
rCorr   .          Rampage  .   (no gloves)
Will    .....                   (no boots)
Stlth   ..........              (no amulet)
HPRegen 0.11/turn               (no ring)
MPRegen 0.09/turn               (no ring)

@: no status effects
A: sickness immunity, AC +4, negative energy resistance 1, electricity
resistance, torment resistance 1, petrification resistance
a: no special abilities


You were on level 4 of the Dungeon.
You visited 1 branch of the dungeon, and saw 4 of its levels.

You collected 100 gold pieces.

Inventory:

Hand Weapons
 a - a +0 war axe (weapon)
 b - a +0 morningstar
Armour
 c - a +1 buckler (worn)
 j - a +0 plate armour (worn)
Scrolls
 g - a scroll of amnesia
 i - a scroll of holy word {unknown}
 m - 2 scrolls of fear
Potions
 d - 2 potions of might
 e - 3 potions of curing
 h - a potion of invisibility {unknown}


   Skills:
 + Level 4.0 Fighting
 + Level 2.9 Axes
 + Level 4.5 Armour
 - Level 0.2 Dodging
 + Level 3.7 Shields


You had 4 spell levels left.
You didn't know any spells.
Your spell library contained the following spells:

 Spells                   Type           Power      Damage    Failure   Level
 Freeze                   Ice            0%         1d3       100%        1
 Frozen Ramparts          Ice            0%         1d2       100%        3
 Gell's Gravitas          Tloc           0%         N/A       100%        3
 Lesser Beckoning         Tloc           0%         N/A       100%        3
 Teleport Other           Tloc           0%         N/A       100%        3
 Hailstorm                Conj/Ice       0%         3d3       100%        4


Dungeon Overview and Level Annotations

Branches:
Dungeon (4/15)
 Temple: D:4-7

Altars:

Shops:
D:1 =   D:3 [(


Innate Abilities, Weirdness & Mutations

You are immune to sickness and miasma.
Your stone body is resilient. (AC +4)
You are immune to poison.
You resist negative energy. (rN+)
You are resistant to electric shocks. (rElec)
You are resistant to unholy torment.
You are immune to petrification.


Message History

You closely miss something. You barely miss the orc.
The orc hits you but does no damage. Something hits you but does no damage.
You block the orc's attack.
You closely miss something. You hit the orc but do no damage.
Something hits you. You block the orc's attack.
Something hits you but does no damage.
You miss something. You closely miss the orc. You block the orc's attack.
Something hits you but does no damage.
You closely miss something. You closely miss the orc.
The orc hits you but does no damage. Something hits you but does no damage.
You closely miss something. You barely miss the orc.
The orc hits you but does no damage. Something completely misses you.
You block the orc's attack. Something hits you but does no damage.
You closely miss something. You hit the orc.
An orc wizard appears from thin air!
Reactivating autopickup.
The orc hits you but does no damage.
The orc wizard hits you with a +0 dagger.
Your plate armour prevents you from hitting the orc wizard.
The orc wizard is lightly wounded.
You closely miss the orc. The orc barely misses you.
The orc wizard hits you but does no damage.
You closely miss the orc wizard.
The orc wizard is lightly wounded.
You hit the orc.
You kill the orc!
The orc wizard casts a spell.
The orc wizard flickers and vanishes!
Deactivating autopickup; reactivate with Ctrl-A.
Something hits you but does no damage.
You miss something.
You hear some strange, mumbled words.
A magic dart appears from out of thin air!
The magic dart hits you!
* * * LOW HITPOINT WARNING * * *
You completely miss something. You block something's attack.
You miss something. Something hits you but does no damage. Something hits you.
* * * LOW HITPOINT WARNING * * *
You hit something. Something hits you.
You die...

### #.. #
#.# #.#.#
#.#.## #+##
#...<#
##..#####.##
#....)....#
##@{#######
##)# #)# #..
.... ....#
#....'
#..>.##
###+##


There were no monsters in sight!

Vanquished Creatures
  An orc wizard (D:3)
  2 adders
  3 worms (D:2)
  10 orcs
  4 endoplasms
  4 giant cockroaches
  6 goblins
  3 hobgoblins
  3 jackals (D:3)
  6 quokkas
  A ball python (D:1)
  4 bats (D:1)
  2 frilled lizards (D:3)
  8 kobolds
  4 rats
61 creatures vanquished.

Vanquished Creatures (others)
  6 plants (D:2)
6 creatures vanquished.

Grand Total: 67 creatures vanquished

Notes
Turn   | Place    | Note
-------+----------+-------------------------------------------
     0 | D:1      | bande the Gargoyle Fighter began the quest for the Orb.
     0 | D:1      | Reached XP level 1. HP: 14/14 MP: 1/1
    95 | D:1      | Found Ujet's Jewellery Emporium.
   224 | D:1      | Reached XP level 2. HP: 19/19 MP: 2/2
   644 | D:1      | Reached XP level 3. HP: 17/23 MP: 3/3
  1697 | D:2      | Reached XP level 4. HP: 25/28 MP: 4/4
  1786 | D:2      | Found a faded altar of an unknown god.
  1838 | D:3      | Found Afuuro Ynosu's Armour Boutique.
  2385 | D:3      | Found Zeesieb's Antique Weapon Emporium.
  2612 | D:4      | Reached XP level 5. HP: 33/33 MP: 5/5
  2669 | D:4      | Slain by an orc wizard

Illustrated notes

Levels and vault maps discovered:
D:1:      dpeg_arrival_round_a, layout_rooms, serial_shops, shop,
          chequers_hall_statues_y, minmay_split_cup_large
D:2:      cheibrodos_old_hovel, layout_loops_cross,
          ebering_ecumenical_altar_box, minmay_misc_feat_roman
D:3:      layout_rooms, serial_shops, shop_fountains, shop, st_stairs_13
D:4:      layout_basic, serial_shops, nicolae_shop_statue_plus

Skill      XL: |  1  2  3  4  5 |
---------------+----------------+-----
Axes           | 2 |  2.9
Armour         | 4 |  4.5
Fighting       | 4 |  4.0
Dodging        | |  0.2
Shields        | |  3.7

Action                   |  1- 3 |  4- 6 || total
-------------------------+-------+-------++-------
Melee: War axe           |   116 |    98 ||   214
  Use: Scroll            |     1 |     9 ||    10
       Potion            |       |     2 ||     2
Armor: Scale mail        |    33 |       ||    33
       Plate armour      |    49 |    84 ||   133
Dodge: Dodged            |    47 |    22 ||    69
Block: Buckler           |    19 |    32 ||    51

Table legend: (Time is in decaauts)
 A = Elapsed time spent in this place.
 B = Non-inter-level travel time spent in this place.
 C = Inter-level travel time spent in this place.
 D = Time resting spent in this place.
 E = Time spent auto-exploring this place.
 F = Levels seen in this place.
 G = Mean time per level.
                   A        B        C        D        E       F      G
               +--------+--------+--------+--------+--------+-----+--------+
         Total |   2752 |   2752 |      0 |    328 |   1807 |   4 |  688.0 |
       Dungeon |   2752 |   2752 |      0 |    328 |   1807 |   4 |  688.0 |
               +--------+--------+--------+--------+--------+-----+--------+

Top non-repeatable levels by time:
     D:1: 962 daAuts
     D:2: 914 daAuts
     D:3: 792 daAuts
     D:4: 82 daAuts
